 Dungeon Crawl Stone Soup version 0.31.0-11-ge490571c62 (webtiles) character file.

Game seed: 7918990355549304967

4 browni3141 the Conjurer (level 1, -2/13 HPs)
             Began as a Demonspawn Conjurer on Jan 30, 2024.
             Frozen to death by an endoplasm (4 damage)
             ... on level 1 of the Dungeon.
             The game lasted 00:00:06 (98 turns).

browni3141 the Conjurer (Demonspawn Conjurer)         Turns: 98, Time: 00:00:07

Health: -2/13      AC:  2    Str:  7    XL:     1   Next: 50%
Magic:  3/3        EV: 12    Int: 18    God:
Gold:   9          SH:  0    Dex: 11    Spells: 3/4 levels left

rFire   . . .        (no weapon)
rCold   . . .        (no shield)
rNeg    . . .        a - +0 robe
rPois   .            (no helmet)
rElec   .            (no cloak)
rCorr   .            (no gloves)
SInv    .            (no boots)
Will    .....        (no amulet)
Stlth   ++           (no ring)
HPRegen 0.22/turn    (no ring)
MPRegen 0.08/turn

%: no passive effects
@: no status effects
A: no striking features
a: no special abilities


You were on level 1 of the Dungeon.
You visited 1 branch of the dungeon, and saw 1 of its levels.

You collected 9 gold pieces.

Inventory:

Armour
 a - a +0 robe (worn)
Scrolls
 c - a scroll of noise {unknown}


   Skills:
 + Level 1.8 Dodging
 + Level 1.9 Stealth
 + Level 2.0 Spellcasting
 + Level 4.0 Conjurations


You had 3 spell levels left.
You knew the following spells:

 Your Spells              Type           Power      Damage    Failure   Level
a - Magic Dart            Conj           64%        1d6       3%          1

Your spell library contained the following spells:

 Spells                   Type           Power      Damage    Failure   Level
 Searing Ray              Conj           32%        2d5       5%          2
 Fulminant Prism          Conj/Alch      4%         3d5       61%         4
 Iskenderun's Mystic Bla  Conj/Tloc      9%         2d4       61%         4


Dungeon Overview and Level Annotations

Branches:
Dungeon (1/15)

Altars:


Message History

Welcome, browni3141 the Demonspawn Conjurer.
Everyone else who sought the Orb of Zot has failed.
Will you be different?
Press ? for a list of commands and other information.
Found a scroll labelled FISARI BOHOAB and 9 gold pieces.
Found a staircase leading out of the dungeon.
Setting a skill training target for Axes at 18.0.
Setting a skill training target for Invocations at 14.0.
Setting a skill training target for Throwing at 11.0.
c - a scroll labelled FISARI BOHOAB You now have 9 gold pieces.
A hobgoblin comes into view.
A hobgoblin is nearby!
A hobgoblin is nearby!
You miscast Magic Dart.
You are very lightly contaminated with residual magic.
Nothing appears to happen.
The hobgoblin shouts!
The magic dart hits the hobgoblin.
You kill the hobgoblin!
You can't see any susceptible monsters within range! (Use Z to cast anyway.)
You can't see any susceptible monsters within range! (Use Z to cast anyway.)
Your magical contamination has completely faded away.
Magic restored.
A jackal comes into view.
A jackal is nearby!
The magic dart hits the jackal.
The jackal is moderately wounded.
The magic dart hits the jackal.
The jackal is severely wounded.
The magic dart hits the jackal.
You kill the jackal!
You are out of magic!
You see here a jackal corpse.
A hobgoblin, an endoplasm and a goblin come into view.
The hobgoblin shouts!
The endoplasm quivers.
You hear a bark!
A jackal comes into view.
The jackal moves out of view.
A jackal comes into view.
The jackal barks!
There are monsters nearby!
There are monsters nearby!
The magic dart hits the jackal.
The jackal is almost dead.
The magic dart hits the jackal but does no damage.
The jackal is almost dead.
The magic dart hits the jackal.
You kill the jackal!
The endoplasm freezes you.
You are frozen.
The jackal attacks as it pursues you! The jackal bites you.
A jackal comes into view.
The jackal attacks as it pursues you! The jackal barely misses you. x2
You see here a jackal corpse.
The endoplasm freezes you.
You are frozen.
The endoplasm attacks as it pursues you!
The endoplasm completely misses you.
You hit the endoplasm but do no damage. The endoplasm closely misses you.
Magic courses through your body. The endoplasm freezes you.
You are frozen.
You die...

.# ..# ###.# #...
..#.....#
....#####.#......
#...............#
#.#...#.#......#
#..........#. ..
###..#.#....#.# ..
#.......#..##.##..
#@##....#..#...#..
#J##.#..#..#...#..
###hh...###.........
##.g.###......#.<.#..
#gh### ###....#...#..
#..g## #.....###...
#?..#.. #...... ...
.......... #.......
... ##..###....
.....##.. .##


You could see an endoplasm, 2 jackals and a goblin.

Vanquished Creatures
  A hobgoblin (D:1)
  2 jackals (D:1)
3 creatures vanquished.

Notes
Turn   | Place    | Note
-------+----------+-------------------------------------------
     0 | D:1      | browni3141 the Demonspawn Conjurer began the quest for the
                  | Orb.
     0 | D:1      | Reached XP level 1. HP: 13/13 MP: 3/3
    98 | D:1      | Frozen to death by an endoplasm

Illustrated notes

Levels and vault maps discovered:
D:1:      erik_arrival_blinker_ship, layout_rooms,
          hellmonk_ecumenical_altar_dog_temple, grunt_decor_fettered

Action                     || total
---------------------------++-------
  Melee: Unarmed           ||     1
   Cast: Magic Dart        ||     7
    Use: Potion            ||     1
 Armour: Robe              ||     1
  Dodge: Dodged            ||     4
